 Dungeon Crawl Stone Soup version 0.28-a0-779-g3d1f99b579 (webtiles) character file.

Game seed: 10509407864246156835

2231 gimp the Fighter (level 9, -7/70 (74) HPs)
             Began as a Demonspawn Cinder Acolyte on Nov 3, 2021.
             Was a High Priest of Ignis.
             Mangled by a wyvern (15 damage)
             ... on level 8 of the Dungeon.
             The game lasted 00:18:46 (9611 turns).

gimp the Fighter (Demonspawn Cinder Acolyte)        Turns: 9611, Time: 00:18:47

HP:   -7/70 (74)    AC:  7    Str: 16    XL:     9   Next: 14%
MP:   14/16         EV: 11    Int: 18    God:    Ignis [*****.]
Gold: 312           SH:  0    Dex: 10    Spells: 10/18 levels left

rFire   + + .      SeeInvis .   a - +5 falchion
rCold   . . .      Faith    .   (no shield)
rNeg    . . .      Spirit   .   i - +3 leather armour {rF+}
rPois   .          Reflect  .   (helmet restricted)
rElec   .          Harm     .   (no cloak)
rCorr   .          Rampage  .   m - +0 pair of gloves
Will    .....                   (no boots)
Stlth   ++........              (no amulet)
HPRegen 0.21/turn               (no ring)
MPRegen 0.15/turn               (no ring)

@: drained
A: horns 1, thin skeletal structure 1, demonic magic 2
a: Renounce Religion, Sea of Fire, Foxfire Swarm, Rising Flame


You were on level 8 of the Dungeon.
You worshipped Ignis.
Ignis was extremely pleased with you.
You visited 1 branch of the dungeon, and saw 8 of its levels.

You collected 312 gold pieces.

Inventory:

Hand Weapons
 a - a +5 falchion (weapon)
 b - a +2 dagger of venom
 q - a -1 falchion of flaming
 z - a +2 scimitar
Missiles
 j - 77 poisoned darts
Armour
 i - a +3 leather armour of fire resistance (worn)
 m - a +0 pair of gloves (worn)
 t - +0 acid dragon scales
Magical Staves
 k - a staff of earth
Jewellery
 h - a ring of flight
Wands
 r - a wand of iceblast (8)
 s - a wand of digging (6)
Scrolls
 e - a scroll of fear
 f - 2 scrolls of enchant weapon {unknown}
 n - 2 scrolls of vulnerability {unknown}
 v - a scroll of blinking
 w - a scroll of immolation
 y - a scroll of amnesia
Potions
 c - a potion of haste
 d - a potion of attraction {unknown}
 g - a potion of invisibility {unknown}
 l - a potion of lignification {unknown}
 o - a potion of curing {unknown}
 p - 2 potions of heal wounds
 u - a potion of might {unknown}
 x - a potion of brilliance {unknown}


   Skills:
 + Level 8.1 Fighting
 + Level 7.7 Long Blades
 - Level 5.0 Spellcasting
 - Level 2.6 Fire Magic


You had 10 spell levels left.
You knew the following spells:

 Your Spells              Type           Power      Damage    Failure   Level
a - Scorch                Fire           28%        2d6       9%          2
b - Wereblood             Tmut           4%         N/A       24%         2
c - Sticky Flame          Conj/Fire      9%         2d3       67%         4

Your spell library contained the following spells:

 Spells                   Type           Power      Damage    Failure   Level
 Ensorcelled Hibernation  Hex/Ice        8%         N/A       24%         2
 Passwall                 Tmut/Erth      3%         N/A       24%         2
 Sublimation of Blood     Necr           4%         N/A       24%         2
 Conjure Flame            Conj/Fire      9%         6-21      28%         3
 Ignite Poison            Fire/Tmut/Pois 7%         N/A       34%         3
 Tukima's Dance           Hex            4%         N/A       43%         3
 Hailstorm                Conj/Ice       4%         3d4       85%         4
 Ice Form                 Ice/Tmut       4%         N/A       85%         4
 Yara's Violent Unravell  Hex/Tmut       2%         3d3       99%         5
 Simulacrum               Ice/Necr       2%         N/A       100%        6
 Statue Form              Tmut/Erth      2%         N/A       100%        6
 Storm Form               Tmut/Air       2%         N/A       100%        7
 Summon Hydra             Summ           2%         N/A       100%        7


Dungeon Overview and Level Annotations

Branches:
Dungeon (8/15)             Temple (0/1) D:6
   Lair: D:8-11

Altars:
Cheibriados
Fedhas
Gozag
Makhleb
Nemelex Xobeh
Qazlal
Sif Muna
Trog
Xom
The Shining One

Annotations:
D:4 Edmund


Innate Abilities, Weirdness & Mutations

You have a pair of small horns on your head.
You have a somewhat thin skeletal structure. (Dex +2, Stealth+)
Spells you cast may paralyse nearby enemies.


Message History

You take 13 damage, and have 31/70 hp.
The wyvern bites you!
You take 6 damage, and have 25/70 hp.
Items here: )) [[[.
You are too injured to fight recklessly!
Aiming: Iceblast
Press: ? - help, Shift-Dir - straight line The mass of ice explodes!
The iceblast engulfs the wyvern.
The wyvern is lightly wounded.
You hear a bellow! x2
The wyvern bites you. The wyvern bites you!
* * * LOW HITPOINT WARNING * * *
You take 11 damage, and have 14/70 hp.
Flames leap up around you! The wyvern bites you!
* * * LOW HITPOINT WARNING * * *
The foxfire hits the wight but does no damage.
The wight is heavily damaged.
You take 7 damage, and have 7/70 hp.
Your foxfire dissipates!
The foxfire hits the wyvern.
The wyvern is moderately wounded.
The foxfire hits the wight but does no damage.
The wight is heavily damaged.
The foxfire hits the wyvern.
The wyvern is moderately wounded.
The foxfire hits the wyvern but does no damage.
The wyvern is moderately wounded.
The foxfire hits the wyvern.
The wyvern is heavily wounded.
The foxfire hits the wyvern.
The wyvern is heavily wounded.
The wyvern closely misses you.
The foxfire hits the wyvern but does no damage.
The wyvern is heavily wounded.
The foxfire hits the wyvern.
The wyvern is severely wounded.
The foxfire hits the wyvern but does no damage.
The wyvern is severely wounded.
The wyvern bites you!
You die...

##############..........####
#.........))..........z.....
...≈≈≈≈..####.._..####..≈≈≈≈
........................z...
>.........vv.zY...Y.........
..........vvzz............Y.
........####)#..........#...
........))§l§############...
........).§@§§...# .....
#######.....§##### ##...
#......# #...
#.....########### #...
#...............# ...
..................#
............<......#
...#...............#
...#...............+


You could see a yak, a wyvern and 3 wights.

Vanquished Creatures
  An acid dragon (D:7)
  An ice beast (D:6)
  An orc warrior (D:4)
  A black bear (D:6)
  A necrophage (D:5)
  2 ogres
  A phantom (D:5)
  A kobold brigand (D:8)
  A bullfrog (D:7)
  3 scorpions (D:5)
  A water moccasin zombie (D:5)
  9 wights
  A bullfrog zombie (D:5)
  2 jellies (D:5)
  A centaur zombie (D:7)
  3 hounds
  2 centaur skeletons
  A gnoll shaman (D:5)
  4 iguanas
  4 orc wizards
  8 gnolls
  9 adders
  A shadow imp (D:7)
  A white imp (D:7)
  An adder skeleton (D:4)
  2 worms
  25 orcs
  9 ball pythons
  11 endoplasms
  6 goblins
  2 hobgoblins
  2 jackals (D:1)
  14 kobolds
  4 quokkas
  2 bats (D:1)
  2 frilled lizards (D:1)
  5 rats
145 creatures vanquished.

Vanquished Creatures (others)
  An orc wizard (D:6)
  A bush (D:8)
  9 foxfires (D:8)
  2 fungi (D:8)
  3 plants (D:8)
16 creatures vanquished.

Grand Total: 161 creatures vanquished

Notes
Turn   | Place    | Note
-------+----------+-------------------------------------------
     0 | D:1      | gimp the Demonspawn Cinder Acolyte began the quest for the
                  | Orb.
     0 | D:1      | Reached XP level 1. HP: 18/18 MP: 2/2
   114 | D:1      | Found a faded altar of an unknown god.
   338 | D:1      | Gained mutation: Spells you cast may paralyse adjacent
                  | enemies. [demonic ancestry]
   338 | D:1      | Reached XP level 2. HP: 20/24 MP: 3/3
   658 | D:1      | Learned a level 2 spell: Scorch
   878 | D:1      | Reached XP level 3. HP: 23/29 MP: 4/4
  1043 | D:1      | Learned a level 2 spell: Wereblood
  1929 | D:2      | Reached XP level 4. HP: 26/37 MP: 5/5
  3262 | D:4      | Reached skill level 4 in Fighting
  3435 | D:4      | Gained mutation: You have a somewhat thin skeletal
                  | structure. (Dex +2, Stealth+) [demonic ancestry]
  3435 | D:4      | Reached XP level 5. HP: 31/42 MP: 6/6
  3436 | D:4      | Noticed Edmund
  4018 | D:4      | Reached skill level 5 in Long Blades
  4264 | D:4      | Found a stormy altar of Qazlal.
  4264 | D:4      | Noticed an orc warrior
  4282 | D:4      | Killed an orc warrior
  4283 | D:4      | Reached skill level 5 in Fighting
  4283 | D:4      | Gained mutation: Spells you cast may paralyse nearby
                  | enemies. [demonic ancestry]
  4283 | D:4      | Reached XP level 6. HP: 21/51 MP: 7/7
  4772 | D:5      | Entered Level 5 of the Dungeon
  5014 | D:5      | Reached XP level 7. HP: 25/56 MP: 10/10
  5191 | D:5      | Got the Disquisition on Transformation
  5937 | D:5      | Reached skill level 6 in Fighting
  6358 | D:5      | Reached XP level 8. HP: 63/65 MP: 13/13
  6396 | D:5      | Found a burning altar of Makhleb.
  6396 | D:5      | Found a snail-covered altar of Cheibriados.
  6551 | D:6      | Found a shimmering altar of Xom.
  7080 | D:6      | Found a bloodstained altar of Trog.
  7094 | D:6      | Learned a level 4 spell: Sticky Flame
  7118 | D:6      | Found a blossoming altar of Fedhas.
  7167 | D:6      | Found a staircase to the Ecumenical Temple.
  7305 | D:6      | Reached skill level 7 in Fighting
  8355 | D:7      | Found a shimmering blue altar of Sif Muna.
  8526 | D:7      | Reached skill level 5 in Spellcasting
  8557 | D:7      | Found a sparkling altar of Nemelex Xobeh.
  9019 | D:8      | Found an opulent altar of Gozag.
  9041 | D:8      | Gained mutation: You have a pair of small horns on your
                  | head. [demonic ancestry]
  9041 | D:8      | Reached XP level 9. HP: 38/74 MP: 16/16
  9377 | D:8      | Reached skill level 8 in Fighting
  9611 | D:8      | Mangled by a wyvern

Illustrated notes

Levels and vault maps discovered:
D:1:      minmay_arrival_four_houses, layout_loops_cross,
          shapermc_ecumenical_altar_starsandcircs
D:2:      layout_loops_ring
D:3:      layout_basic, nicolae_overflow_crystal_walls
D:4:      layout_basic, mainiacjoe_overflow_alcove_4, uniq_edmund
D:5:      minmay_octagon_keep, layout_basic, gammafunk_temple_overflow_wave,
          minmay_starry_boxes
D:6:      layout_loops_ring, xom_teletrap_fun,
          mainiacjoe_overflow_small_starburst, fedhas_altar_1,
          minmay_temple_entry_nine_rooms, roderic_lattice_a
D:7:      layout_basic, nemelex_dance_club_becter, mainiacjoe_overflow_alcove_2,
          serial_rivers, chequers_serial_rivers_micro_c,
          chequers_serial_rivers_micro_c, chequers_serial_rivers_small_3,
          chequers_serial_rivers_marsh, chequers_serial_rivers_room_b
D:8:      layout_basic, mainiacjoe_overflow_boulevard, minmay_lair_entry_grove

Skill      XL: |  1  2  3  4  5  6  7  8  9 |
---------------+----------------------------+-----
Long Blades    | 3 4 5 6 7 |  7.7
Fighting       | 4 5 6 7 8 |  8.1
Spellcasting   | 2 3 5 |  5.0
Fire Magic     | |  2.6

Action                   |  1- 3 |  4- 6 |  7- 9 || total
-------------------------+-------+-------+-------++-------
Melee: Falchion          |    35 |       |   148 ||   183
       Dagger            |    71 |   185 |    82 ||   338
       Headbutt          |       |       |     2 ||     2
 Cast: Scorch            |       |       |    46 ||    46
Invok: Foxfire Swarm     |       |       |     1 ||     1
Evoke: Wand              |       |       |     1 ||     1
  Use: Scroll            |       |     4 |     4 ||     8
       Potion            |       |       |     1 ||     1
 Stab: Paralysed         |       |       |    31 ||    31
       Sleeping          |       |       |     5 ||     5
Armor: Robe              |    18 |       |       ||    18
       Ring mail         |     6 |       |       ||     6
       Leather armour    |       |    33 |    82 ||   115
Dodge: Dodged            |    60 |    77 |   118 ||   255

Table legend: (Time is in decaauts)
 A = Elapsed time spent in this place.
 B = Non-inter-level travel time spent in this place.
 C = Inter-level travel time spent in this place.
 D = Time resting spent in this place.
 E = Time spent auto-exploring this place.
 F = Levels seen in this place.
 G = Mean time per level.
                   A        B        C        D        E       F      G
               +--------+--------+--------+--------+--------+-----+--------+
         Total |   9562 |   9217 |    345 |    157 |   7580 |   8 | 1195.2 |
       Dungeon |   9562 |   9217 |    345 |    157 |   7580 |   8 | 1195.2 |
               +--------+--------+--------+--------+--------+-----+--------+

Top non-repeatable levels by time:
     D:5: 1725 daAuts
     D:4: 1700 daAuts
     D:6: 1271 daAuts
     D:7: 1226 daAuts
     D:1: 1193 daAuts
     D:2: 943 daAuts
     D:3: 908 daAuts
     D:8: 593 daAuts
